AoeStats
← FriarMan23

Migration

507425018Analyzed
1v1 RM · 14d ago on Sep 18, 2026· 71m 6s· 2 players
Game mode
Random Map
Map size
132×132
Population
200
Speed
Normal
Resources
Standard
Victory
Conquest
Starting age
Dark Age
Ending age
Imperial Age
RankedLock teamsTeams togetherTeam positionsShared explorationLock speedFull tech treeHidden civsTurbo modeCheats
Victory
Defeat
🇺🇸 Vikings · United States
391
+17
🇬🇧 Franks · United Kingdom
414
-17
FriarMan23
19:40 Feudal Age
21:34 Double-Bit Axe
21:41 Gold Mining
21:33 Horse Collar
21:45 Stone Mining
23:51 Forging
23:41 Scale Mail Armor
23:46 Scale Barding Armor
23:32 Fletching
23:42 Padded Archer Armor
24:55 Man-at-Arms
25:21 Arson
27:53 Castle Age
26:06 Fishing Lines
28:04 Crossbowman
28:11 Long Swordsman
28:11 Pikeman
28:41 Gambesons
28:56 Squires
32:49 Murder Holes
37:17 Imperial Age
35:59 Gold Shaft Mining
37:20 Cavalier
37:26 Arbalester
37:34 Two-Handed Swordsman
37:34 Pikeman
39:06 Conscription
39:39 Conscription
39:29 Elite Skirmisher
43:11 Treadmill Crane
43:52 Ballistics
44:33 Chemistry
44:36 Elite Berserk
46:26 Gillnets
47:54 Elite Cannon Galleon
56:27 Elite Longship
62:53 Iron Casting
62:34 Chain Mail Armor
62:39 Chain Barding Armor
62:14 Bodkin Arrow
62:34 Leather Archer Armor
62:34 Masonry
71:09 Bow Saw
71:02 Heavy Plow
Chritchlow
0:45 Loom
10:32 Feudal Age
11:03 Double-Bit Axe
11:58 Wheelbarrow
16:09 Stone Mining
16:10 Gold Mining
16:19 Fishing Lines
23:28 Castle Age
21:01 Man-at-Arms
21:27 Arson
22:50 Padded Archer Armor
22:42 Fletching
22:53 Scale Mail Armor
24:23 Long Swordsman
24:25 Pikeman
25:05 Squires
24:51 Gambesons
26:03 Leather Archer Armor
25:59 Forging
25:55 Scale Barding Armor
26:48 Husbandry
27:36 Gold Shaft Mining
29:02 Bodkin Arrow
30:51 Hand Cart
30:58 Bow Saw
35:47 Imperial Age
34:31 Gillnets
35:18 Chain Barding Armor
35:14 Chain Mail Armor
36:03 Two-Handed Swordsman
37:59 Champion
39:18 Elite Throwing Axeman
44:02 #83
43:44 Chivalry
45:19 Chemistry
44:10 Guard Tower
45:02 Arrowslits
45:50 Cavalier
45:52 Light Cavalry
46:46 Crossbowman
51:15 Hoardings
64:57 Conscription
Connection lost

Rejoining the realm…

Still unreachable

The connection could not be restored.

Session expired

The server has moved on; the page needs a fresh start.